General information
- name: BNet
- type: Ladder team game (AT/RT)
- host: Battle.net
- saver: Autumn
map: Deadlock
- players: 8
- length: 23:51
- speed: Fast
- version: 1.26 W3XP
- replay type: Public
» download(154 KB)
Players
team 1 (loser)
Autumn (
teal | 93 APM | 2214 actions | 23:51)
7 Blademaster
3 Wind Walk
3 Critical Strike
1 Bladestorm
» actions
| Assign group hotkey | 89 | |
| Basic commands | 61 | |
| Build / train | 81 | |
| Enter build submenu | 37 | |
| Enter hero's abilities submenu | 7 | |
| Give item / drop item | 4 | |
| Right click | 810 | |
| Select / deselect | 204 | |
| Select group hotkey | 810 | |
| Use ability | 111 | |
2214 total
» units
» upgrades
| Berserker Strength | 1 | |
| Armor | 3 | |
| Ranged Weapons | 3 | |
| Envenomed Spears | 1 | |
| Reinforced Defenses | 1 | |
| Spiked Barricades | 2 | |
11 total
» buildings
| Orc Burrow | 4 | |
| Altar of Storms | 2 | |
| Barracks | 1 | |
| Voodoo Lounge | 1 | |
| Stronghold | 2 | |
| War Mill | 1 | |
| Watch Tower | 16 | |
| Beastiary | 2 | |
| Great Hall | 3 | |
| Fortress | 5 | |
37 total
» build order
00:25 Orc Burrow
00:51 Altar of Storms
00:52 Barracks
00:55 Altar of Storms
01:43 Orc Burrow
02:03 Voodoo Lounge
02:39 Orc Burrow
03:45 Stronghold
03:46 Stronghold
05:07 War Mill
06:36 Watch Tower
06:44 Watch Tower
07:14 Beastiary
07:16 Beastiary
07:44 Great Hall
07:54 Orc Burrow
09:08 Watch Tower
09:09 Watch Tower
09:10 Watch Tower
09:15 Watch Tower
10:11 Fortress
10:11 Fortress
10:12 Fortress
10:25 Watch Tower
12:40 Watch Tower
13:09 Watch Tower
13:25 Watch Tower
19:28 Watch Tower
19:29 Watch Tower
22:31 Great Hall
22:32 Watch Tower
22:33 Watch Tower
22:34 Watch Tower
22:35 Watch Tower
22:38 Great Hall
» items
| Healing Salve | 3 | |
| Scroll of Speed | 1 | |
| Lesser Clarity Potion | 2 | |
| Orb of Lightning | 1 | |
| Potion of Mana | 2 | |
| Boots of Speed | 1 | |
| Periapt of Vitality | 1 | |
| Staff of Teleportation | 1 | |
| Scroll of Town Portal | 1 | |
13 total
TheGentlemen (
blue | 56 APM | 1336 actions | 23:49)
10 Blademaster
3 Wind Walk
3 Critical Strike
1 Bladestorm
3 Mirror Image
» actions
| Assign group hotkey | 39 | |
| Basic commands | 18 | |
| Build / train | 84 | |
| Enter build submenu | 26 | |
| Enter hero's abilities submenu | 10 | |
| Give item / drop item | 2 | |
| Remove unit from queue | 1 | |
| Right click | 482 | |
| Select / deselect | 287 | |
| Select group hotkey | 230 | |
| Use ability | 157 | |
1336 total
» units
| Peon | 14 | |
| Grunt | 7 | |
| Troll Batrider | 15 | |
| Wind Rider | 5 | |
41 total
» upgrades
| Ranged Weapons | 3 | |
| Armor | 4 | |
| Liquid Fire | 1 | |
| Troll Regeneration | 1 | |
| Reinforced Defenses | 1 | |
| Envenomed Spears | 1 | |
11 total
» buildings
| Orc Burrow | 3 | |
| Altar of Storms | 1 | |
| Barracks | 1 | |
| Voodoo Lounge | 1 | |
| Stronghold | 1 | |
| War Mill | 2 | |
| Great Hall | 2 | |
| Watch Tower | 12 | |
| Beastiary | 4 | |
| Fortress | 1 | |
28 total
» build order
00:12 Orc Burrow
00:51 Altar of Storms
00:54 Barracks
01:05 Orc Burrow
01:39 Voodoo Lounge
02:51 Stronghold
04:18 War Mill
04:20 Orc Burrow
04:55 Great Hall
06:39 Watch Tower
06:41 Watch Tower
06:42 Watch Tower
06:43 Watch Tower
07:46 Beastiary
07:46 Beastiary
07:50 Beastiary
07:53 Beastiary
09:01 Fortress
15:27 War Mill
19:44 Watch Tower
19:45 Watch Tower
19:48 Watch Tower
19:51 Watch Tower
19:55 Watch Tower
19:58 Watch Tower
20:05 Watch Tower
20:07 Watch Tower
22:06 Great Hall
» items
| Healing Salve | 5 | |
| Scroll of Town Portal | 2 | |
| Lesser Clarity Potion | 4 | |
| Orb of Lightning | 1 | |
| Periapt of Vitality | 1 | |
| Potion of Lesser Invulnerability | 1 | |
| Potion of Healing | 2 | |
| Potion of Mana | 1 | |
17 total
terryprox (
orange | 65 APM | 915 actions | 14:02)
3 Blademaster
2 Wind Walk
1 Critical Strike
1 Shadow Hunter
1 Healing Wave
» actions
| Assign group hotkey | 8 | |
| Basic commands | 95 | |
| Build / train | 53 | |
| Enter build submenu | 13 | |
| Enter hero's abilities submenu | 4 | |
| Give item / drop item | 1 | |
| Remove unit from queue | 2 | |
| Right click | 301 | |
| Select / deselect | 188 | |
| Select group hotkey | 191 | |
| Use ability | 59 | |
915 total
» units
» upgrades
| Pillage | 1 | |
| Melee Weapons | 2 | |
| Armor | 1 | |
| Berserker Strength | 1 | |
| Ensnare | 1 | |
| Spirit Walker Training | 1 | |
7 total
» buildings
| Orc Burrow | 6 | |
| Altar of Storms | 1 | |
| Barracks | 1 | |
| Voodoo Lounge | 1 | |
| War Mill | 1 | |
| Stronghold | 2 | |
| Spirit Lodge | 1 | |
| Beastiary | 2 | |
15 total
» build order
00:29 Orc Burrow
00:33 Altar of Storms
00:46 Barracks
01:26 Orc Burrow
01:47 Voodoo Lounge
03:45 War Mill
04:28 Orc Burrow
05:16 Stronghold
07:47 Orc Burrow
07:50 Spirit Lodge
07:52 Beastiary
07:59 Beastiary
08:38 Orc Burrow
08:41 Orc Burrow
» items
| Healing Salve | 5 | |
| Lesser Clarity Potion | 4 | |
| Scroll of Speed | 3 | |
| Boots of Speed | 1 | |
13 total
TedNash (
pink | 83 APM | 1570 actions | 18:59)
4 Mountain King
2 Storm Bolt
2 Bash
2 Blood Mage
1 Banish
1 Siphon Mana
1 Paladin
1 Holy Light
» actions
| Assign group hotkey | 21 | |
| Basic commands | 132 | |
| Build / train | 53 | |
| Enter build submenu | 21 | |
| Enter hero's abilities submenu | 7 | |
| Give item / drop item | 3 | |
| Right click | 433 | |
| Select / deselect | 309 | |
| Select group hotkey | 512 | |
| Use ability | 79 | |
1570 total
» units
| Peasant | 8 | |
| Footman | 1 | |
| Rifleman | 9 | |
| Priest | 3 | |
21 total
» upgrades
| Gunpowder | 3 | |
| Long Rifles | 1 | |
| Lumber Harvesting | 1 | |
| Priest Training | 1 | |
6 total
» buildings
| Farm | 11 | |
| Altar of Kings | 1 | |
| Barracks | 1 | |
| Blacksmith | 1 | |
| Scout Tower | 1 | |
| Arcane Vault | 1 | |
| Lumber Mill | 1 | |
| Arcane Tower | 1 | |
| Keep | 1 | |
| Castle | 1 | |
| Arcane Sanctum | 1 | |
| Workshop | 1 | |
| Guard Tower | 1 | |
23 total
» build order
00:07 Farm
00:11 Altar of Kings
00:39 Farm
01:19 Barracks
01:26 Farm
01:50 Blacksmith
02:02 Scout Tower
02:25 Arcane Vault
02:34 Lumber Mill
02:41 Arcane Tower
04:06 Farm
04:43 Keep
05:05 Farm
06:04 Farm
07:08 Farm
07:31 Castle
07:48 Arcane Sanctum
08:31 Farm
10:55 Farm
14:19 Farm
14:40 Farm
15:53 Workshop
16:09 Guard Tower
» items
| Scroll of Regeneration | 4 | |
| Lesser Clarity Potion | 1 | |
| Scroll of Town Portal | 1 | |
| Staff of Sanctuary | 2 | |
| Orb of Fire | 2 | |
| Ivory Tower | 2 | |
12 total
team 2 (winner)
no_shame_woman (
purple | 74 APM | 1758 actions | 23:51)
3 Far Seer
1 Feral Spirit
2 Chain Lighting
2 Shadow Hunter
1 Hex
1 Healing Wave
» actions
| Assign group hotkey | 40 | |
| Basic commands | 16 | |
| Build / train | 62 | |
| Enter build submenu | 18 | |
| Enter hero's abilities submenu | 5 | |
| Give item / drop item | 1 | |
| Remove unit from queue | 1 | |
| Right click | 772 | |
| Select / deselect | 226 | |
| Select group hotkey | 534 | |
| Use ability | 83 | |
1758 total
» units
» upgrades
| Ranged Weapons | 2 | |
| Armor | 2 | |
| Reinforced Defenses | 1 | |
| Envenomed Spears | 1 | |
6 total
» buildings
| Altar of Storms | 1 | |
| Orc Burrow | 5 | |
| Barracks | 1 | |
| Voodoo Lounge | 1 | |
| War Mill | 1 | |
| Great Hall | 2 | |
| Stronghold | 1 | |
| Watch Tower | 9 | |
| Beastiary | 4 | |
| Fortress | 1 | |
26 total
» build order
00:10 Altar of Storms
00:24 Orc Burrow
00:36 Barracks
01:29 Orc Burrow
01:55 Voodoo Lounge
02:48 War Mill
03:26 Great Hall
04:17 Stronghold
04:45 Watch Tower
04:45 Watch Tower
04:46 Watch Tower
04:50 Watch Tower
04:51 Watch Tower
05:14 Orc Burrow
07:08 Beastiary
08:24 Beastiary
10:00 Fortress
10:33 Great Hall
11:22 Orc Burrow
11:24 Orc Burrow
14:29 Beastiary
14:29 Beastiary
17:20 Watch Tower
17:20 Watch Tower
17:20 Watch Tower
17:20 Watch Tower
» items
| Staff of Teleportation | 2 | |
| Healing Salve | 1 | |
| Scroll of Town Portal | 2 | |
| Orb of Lightning | 1 | |
6 total

»
kairu392 (
yellow | 43 APM | 992 actions | 23:05)
3 Blademaster
1 Wind Walk
1 Critical Strike
1 Mirror Image
1 Shadow Hunter
1 Hex
» actions
| Build / train | 105 | |
| Enter build submenu | 28 | |
| Enter hero's abilities submenu | 4 | |
| Give item / drop item | 1 | |
| Remove unit from queue | 10 | |
| Right click | 447 | |
| Select / deselect | 335 | |
| Use ability | 62 | |
992 total
» units
| Peon | 20 | |
| Grunt | 5 | |
| Shaman | 11 | |
| Tauren | 14 | |
| Acolyte | 3 | |
| Crypt Fiend | -1 | |
| Gargoyle | 16 | |
68 total
» upgrades
| Shaman Training | 2 | |
| Pulverize | 1 | |
3 total
» buildings
| Altar of Storms | 1 | |
| Orc Burrow | 14 | |
| Barracks | 1 | |
| War Mill | 1 | |
| Voodoo Lounge | 1 | |
| Great Hall | 2 | |
| Stronghold | 5 | |
| Watch Tower | 7 | |
| Fortress | 1 | |
| Spirit Lodge | 1 | |
| Tauren Totem | 3 | |
37 total
» build order
00:10 Altar of Storms
00:20 Orc Burrow
00:33 Barracks
01:36 War Mill
02:11 Orc Burrow
02:32 Voodoo Lounge
03:48 Orc Burrow
03:53 Orc Burrow
04:53 Great Hall
04:59 Great Hall
05:15 Orc Burrow
05:45 Stronghold
05:46 Stronghold
05:46 Stronghold
05:46 Stronghold
07:05 Watch Tower
07:05 Watch Tower
07:06 Watch Tower
08:34 Watch Tower
08:35 Watch Tower
08:42 Fortress
08:48 Spirit Lodge
09:31 Watch Tower
09:31 Watch Tower
11:15 Orc Burrow
11:17 Orc Burrow
11:49 Tauren Totem
12:01 Tauren Totem
12:04 Tauren Totem
13:56 Orc Burrow
16:04 Orc Burrow
17:12 Orc Burrow
20:06 Orc Burrow
20:07 Orc Burrow
20:33 Orc Burrow
20:35 Orc Burrow
» items
| Healing Salve | 1 | |
| Scroll of Town Portal | 3 | |
| Potion of Healing | 1 | |
| Scroll of Speed | 1 | |
| Orb of Lightning | 2 | |
| Orb of Fire | 1 | |
9 total

»
kellonie (
green | 36 APM | 827 actions | 23:00)
4 Paladin
2 Holy Light
2 Divine Shield
2 Mountain King
1 Storm Bolt
1 Thunder Clap
» actions
| Assign group hotkey | 12 | |
| Basic commands | 20 | |
| Build / train | 87 | |
| Enter build submenu | 29 | |
| Enter hero's abilities submenu | 6 | |
| Right click | 211 | |
| Select / deselect | 264 | |
| Select group hotkey | 119 | |
| Use ability | 79 | |
827 total
» units
| Peasant | 35 | |
| Footman | 7 | |
| Gryphon Rider | 5 | |
| Rifleman | 3 | |
| Crypt Fiend | 6 | |
| Dragonhawk Rider | 1 | |
57 total
» upgrades
| Masonry | 2 | |
| Lumber Harvesting | 1 | |
| Storm Hammers | 1 | |
| Swords | 2 | |
| Armor | 1 | |
7 total
» buildings
| Altar of Kings | 1 | |
| Farm | 10 | |
| Barracks | 1 | |
| Lumber Mill | 1 | |
| Scout Tower | 30 | |
| Arcane Tower | 5 | |
| Keep | 1 | |
| Guard Tower | 5 | |
| Town Hall | 4 | |
| Blacksmith | 1 | |
| Castle | 1 | |
| Gryphon Aviary | 3 | |
| Arcane Vault | 1 | |
64 total
» build order
00:13 Altar of Kings
00:16 Farm
00:21 Barracks
01:03 Farm
01:28 Lumber Mill
01:47 Farm
02:36 Farm
03:19 Farm
03:25 Scout Tower
03:27 Scout Tower
03:28 Scout Tower
03:30 Scout Tower
03:31 Scout Tower
04:41 Arcane Tower
04:45 Farm
04:48 Keep
04:50 Guard Tower
04:53 Guard Tower
05:17 Arcane Tower
05:41 Town Hall
05:51 Arcane Tower
05:58 Scout Tower
05:59 Scout Tower
06:00 Scout Tower
06:01 Scout Tower
06:02 Scout Tower
06:05 Scout Tower
06:06 Scout Tower
06:07 Scout Tower
06:33 Blacksmith
07:08 Guard Tower
07:57 Town Hall
08:02 Town Hall
08:11 Scout Tower
08:12 Scout Tower
08:13 Scout Tower
08:15 Scout Tower
08:16 Scout Tower
08:50 Castle
09:04 Arcane Tower
09:26 Arcane Tower
09:34 Gryphon Aviary
09:52 Guard Tower
10:28 Gryphon Aviary
10:32 Gryphon Aviary
10:41 Farm
10:43 Farm
10:45 Farm
10:47 Farm
12:18 Arcane Vault
15:27 Scout Tower
15:28 Scout Tower
15:30 Scout Tower
15:31 Scout Tower
15:32 Scout Tower
15:33 Scout Tower
17:23 Guard Tower
19:58 Town Hall
20:16 Scout Tower
20:18 Scout Tower
20:19 Scout Tower
20:20 Scout Tower
20:20 Scout Tower
20:21 Scout Tower
» items
| Orb of Fire | 1 | |
| Scroll of Town Portal | 2 | |
3 total
cerberusateit (
red | 20 APM | 353 actions | 17:33)
2 Lich
1 Frost Nova
1 Frost Armor
» actions
| Assign group hotkey | 11 | |
| Build / train | 34 | |
| Enter build submenu | 15 | |
| Enter hero's abilities submenu | 2 | |
| Right click | 122 | |
| Select / deselect | 113 | |
| Select group hotkey | 29 | |
| Use ability | 27 | |
353 total
» units
| Acolyte | 7 | |
| Ghoul | 4 | |
| Crypt Fiend | 8 | |
19 total
» upgrades
| Web | 1 | |
| Creature Carapace | 1 | |
| Creature Attack | 2 | |
4 total
» buildings
| Ziggurat | 9 | |
| Altar of Darkness | 1 | |
| Crypt | 2 | |
| Graveyard | 1 | |
| Halls of the Dead | 1 | |
| Nerubian Tower | 1 | |
| Spirit Tower | 4 | |
| Black Citadel | 1 | |
| Tomb of Relics | 1 | |
21 total
» build order
00:18 Ziggurat
00:23 Altar of Darkness
00:28 Crypt
02:21 Graveyard
02:32 Ziggurat
02:46 Halls of the Dead
03:24 Crypt
03:31 Ziggurat
03:35 Nerubian Tower
04:49 Spirit Tower
08:11 Ziggurat
08:20 Ziggurat
08:26 Black Citadel
10:58 Spirit Tower
11:11 Tomb of Relics
11:53 Ziggurat
13:10 Ziggurat
14:33 Spirit Tower
14:54 Ziggurat
16:52 Spirit Tower
17:16 Ziggurat
» items
Chat log
(04:35 / Allies) TheGentlemen: why would you take that expo orange
(04:46 / Allies) terryprox: i didnt take
(04:47 / Allies) terryprox: any
(04:47 / Allies) Autumn: Thanks for creeping my expo, faggot
(04:55 / Allies) terryprox: creep the other
(04:56 / Allies) Autumn: Yeah you stole the XP
(04:57 / Allies) TedNash: children, behave
(04:57 / Allies) terryprox: near to u
(05:01 / Allies) terryprox: or ur afraid
(05:35 / Allies) Autumn: fucking prick took what should be my pendant
(05:44 / Allies) terryprox: that pendant was on my side
(05:49 / Allies) terryprox: on ur side was a fucking ring
(05:50 / Allies) terryprox: that i already sold
(05:57 / Allies) terryprox: what a fucking kid
(06:05 / Allies) Autumn: yeah and look what I just creeped
(06:08 / Allies) Autumn: that oyu took only the item from
(06:11 / Allies) Autumn: after jacking my expo
(06:20 / Allies) terryprox: expos doesnt have a name on it
(06:25 / Allies) Autumn: and now you take THE OTHER FUCKING EXPO
(06:27 / Allies) Autumn: thanks jackass
(07:03 / All) TheGentlemen: Want a piece of me yhellow?
(07:17 / All) kairu392: si senor
(07:25 / All) Autumn: Orange ruined my fucking creeping pattern
(07:28 / All) Autumn: he's going to eat shit
(07:29 / All) kairu392: there goes 200
(07:32 / All) TheGentlemen: Careful what you ask for
(09:08 / Allies) TheGentlemen: lumber
(10:26 / All) kairu392: come on teal
(10:40 / Allies) TheGentlemen: lumber
(11:09 / Allies) terryprox: a win game
(11:12 / All) TheGentlemen: aw shit lawl
(11:13 / Allies) terryprox: trolled byt a kid
(11:16 / Allies) terryprox: xD
(11:30 / Allies) Autumn: You're a dumb faggot
(11:33 / Allies) Autumn: took both my fucking camps
(11:34 / Allies) terryprox: yeah yeah
(11:35 / Allies) Autumn: and delayed my level 3
(11:37 / Allies) terryprox: keep cryiong
(11:40 / Allies) terryprox: mimimi
(11:43 / Allies) Autumn: Leave
(11:47 / Allies) TheGentlemen: lumbeR?
(11:52 / Allies) terryprox: no before i give
(11:53 / Allies) terryprox: exp
(11:54 / Allies) terryprox: to enemy
(12:09 / All) terryprox: my kiddo teammate
(12:12 / All) Autumn: He took both my fucking natural expos
(12:13 / All) terryprox: so take my exp
(12:14 / All) Autumn: and took all the xp and items
(12:21 / All) Autumn: then he calls me a kid when I complain
(12:21 / All) TedNash: no one gives a shit
(12:23 / All) Autumn: Now he has no base
(12:24 / All) TedNash: grow the fuck up
(12:26 / All) Autumn: He's a dumb fucking faggot
(12:31 / All) Autumn: Do you want to eat shit too pink?
(12:38 / Allies) TheGentlemen: Lumber
(12:42 / Allies) terryprox: i was playing i saved his expo
(12:51 / Allies) terryprox: hes the one who dont let it go
(12:53 / Allies) terryprox: xD
(12:55 / Allies) terryprox: i just laugh
(13:00 / All) kairu392: you feeding red oj?
(13:03 / Allies) terryprox: yes
(13:13 / Allies) terryprox: he destroyed my base so why i should let him win
(13:54 / Allies) terryprox: i will tk u for all eternity little kid
(13:57 / Allies) Autumn: lol
(13:58 / Allies) terryprox: have fun
(14:00 / Allies) terryprox: losing games
(14:03 / Allies) Autumn: you couldn't if you wanted to
(15:14 / Allies) TheGentlemen: god fucking damn
(15:16 / Allies) TheGentlemen: KLUMBER
(17:23 / Allies) TedNash: tp
(17:27 / Allies) Autumn: why would I help you
(17:31 / Allies) Autumn: eat shit
(17:37 / Allies) TedNash: lol
(17:39 / Allies) TedNash: loser
(17:45 / Allies) Autumn: I'm the winner
(17:48 / Allies) Autumn: looks like you're losing
(18:32 / Allies) TedNash: have fun losing teal
(18:35 / Allies) Autumn: I'll win
(18:37 / Allies) Autumn: you'll lose
(18:39 / Allies) TedNash: haha
(18:43 / Allies) TedNash: you're so full of shit
(18:50 / Allies) Autumn: you're eating it
(18:54 / Allies) Autumn: looks like you're full of shit
(18:56 / Allies) TedNash: i'm shitting on you
(19:01 / Allies) Autumn: lol
(19:06 / All) no_shame_woman: i cannot believe i had so much trouble with a sorry player like pink
(19:35 / Allies) TheGentlemen: lubmers
(20:14 / All) Autumn: wtf are those fiends?
(20:37 / All) no_shame_woman: my team is so retarded they took forever to tp
(20:54 / All) kairu392: rightt....says the one who couldnt handle ONE person
(21:53 / All) Autumn: too easy
(22:38 / All) kairu392: purple got 6.8 k gold
(22:56 / All) no_shame_woman: no we're not
(23:18 / All) no_shame_woman: i dont care who wins this game sucked big time lol
(23:30 / All) Autumn: I say our team loses
(23:33 / All) Autumn: I hated orange and pink
(23:50 / All) Autumn: I liked this game